 Dungeon Crawl Stone Soup version 0.31-a0-233-g139696dc86 (webtiles) character file.

Game seed: 16674520961723354174

49 qw the Shooter (level 3, -1/21 HPs)
             Began as a Gargoyle Hexslinger on July 7, 2023.
             Frozen to death by an endoplasm (5 damage)
             ... on level 2 of the Dungeon.
             The game lasted 00:00:33 (1316 turns).

qw the Shooter (Gargoyle Hexslinger)                Turns: 1316, Time: 00:00:33

Health: -1/21      AC:  5    Str: 11    XL:     3   Next: 77%
Magic:  4/4        EV: 12    Int: 13    God:
Gold:   61         SH:  0    Dex: 14    Spells: 3/4 levels left

rFire   . . .        Y - +1 sling
rCold   . . .        (no shield)
rNeg    + . .        c - +0 robe
rPois   inf          (no helmet)
rElec   +            (no cloak)
rCorr   .            (no gloves)
SInv    .            (no boots)
Will    .....        (no amulet)
Stlth   +            (no ring)
HPRegen 0.23/turn    (no ring)
MPRegen 0.09/turn

%: no passive effects
@: no status effects
A: sickness immunity, AC +3, negative energy resistance 1, electricity
resistance, torment resistance 1, petrification resistance
a: no special abilities


You were on level 2 of the Dungeon.
You visited 1 branch of the dungeon, and saw 2 of its levels.

You collected 61 gold pieces.


Innate Abilities, Weirdness & Mutations

You are immune to sickness and miasma.
Your stone body is resilient. (AC +3)
You are immune to poison.
You resist negative energy. (rN+)
You are resistant to electric shocks. (rElec)
You are resistant to unholy torment.
You are immune to petrification.


   Skills:
 - Level 2.0 Fighting
 + Level 3.6 Ranged Weapons
 - Level 1.5 Dodging
 - Level 1.0 Spellcasting
 - Level 2.6 Hexes


You had 3 spell levels left.
You knew the following spells:

 Your Spells              Type           Power      Damage    Failure   Level
a - Slow                  Hex            28%        N/A       10%         1

Your spell library contained the following spells:

 Spells                   Type           Power      Damage    Failure   Level
 Inner Flame              Hex/Fire       4%         N/A       43%         3
 Portal Projectile        Hex/Tloc       8%         N/A       43%         3
 Cause Fear               Hex            3%         N/A       67%         4

Inventory:

Hand Weapons
 Y - a +1 sling (weapon)
Armour
 c - a +0 robe (worn)
Scrolls
 a - a scroll of identify
Potions
 b - 2 potions of ambrosia {unknown}
 d - a potion of heal wounds {unknown}
 f - a potion of curing {unknown}

Dungeon Overview and Level Annotations

Branches:
Dungeon (2/15)

Altars:

Shops:
D:2 :


Message History

The endoplasm hits you but does no damage.
The adder bites you.
You shoot a sling bullet. The sling bullet hits the adder.
The adder is heavily wounded.
The bat closely misses you. The adder bites you. The endoplasm misses you.
You shoot a sling bullet.
The sling bullet closely misses the adder.
The bat hits you. The adder barely misses you.
The endoplasm hits you but does no damage.
The adder misses you.
You shoot a sling bullet. The sling bullet misses the adder.
A bat comes into view.
The endoplasm barely misses you. The bat closely misses you.
The adder bites you. The endoplasm closely misses you.
The bat moves out of view.
You shoot a sling bullet. The sling bullet hits the adder.
The adder is almost dead.
The bat hits you but does no damage. The adder barely misses you. x2
The endoplasm freezes you.
You are frozen.
You shoot a sling bullet.
The sling bullet closely misses the adder.
The bat closely misses you. The adder bites you but does no damage.
The endoplasm barely misses you. The bat barely misses you.
The adder bites you but does no damage.
You shoot a sling bullet. The sling bullet misses the adder.
The bat hits you but does no damage. x2
The endoplasm freezes you.
You are frozen.
The adder bites you.
You shoot a sling bullet.
The sling bullet barely misses the adder.
The bat hits you but does no damage. The bat hits you.
The adder barely misses you. The endoplasm closely misses you.
The bat hits you but does no damage. The adder bites you but does no damage.
You shoot a sling bullet.
The sling bullet closely misses the adder.
The bat barely misses you. The endoplasm freezes you.
You are frozen.
You die...

....................#
.....###.####.......#
.....#...# #.......#
##..##...# #.......#
##\.#..## ####.####
####....# #.# .#
#<.).# #.# ..#.....#
#.# ........# #@#
...#...## #.SJb......
...#...# #...##b#..?
........ .....# #
...#..... ###..## ..#
#.. .# ##. ## .. ####


You could see an adder, an endoplasm and 2 bats.

Vanquished Creatures
  2 worms (D:2)
  4 ball pythons (D:1)
  3 endoplasms
  5 giant cockroaches (D:1)
  4 goblins
  7 hobgoblins
  A quokka (D:2)
  3 bats
  A frilled lizard (D:1)
  5 kobolds
  3 rats
38 creatures vanquished.

Notes
Turn   | Place    | Note
-------+----------+-------------------------------------------
     0 | D:1      | qw the Gargoyle Hexslinger began the quest for the Orb.
     0 | D:1      | Reached XP level 1. HP: 12/12 MP: 2/2
     0 | D:1      | 0 ||| qw: Version: 0.3-a-46-gb1f654a
     0 | D:1      | 0 ||| qw: Game counter: 3088
     0 | D:1      | 0 ||| qw: Melee chars always use a shield: true
     0 | D:1      | 0 ||| qw: God list: Okawaru
     0 | D:1      | 0 ||| qw: Allow faded altars: false
     0 | D:1      | 0 ||| qw: Do Orc after clearing Dungeon:15 true
     0 | D:1      | 0 ||| qw: Do second Lair branch before Depths: true
     0 | D:1      | 0 ||| qw: Lair rune preference: random
     0 | D:1      | 0 ||| qw: Goals: Normal
     0 | D:1      | 0 ||| PLANNING D:1-11
    18 | D:1      | 18 ||| Stepping ~*~*~tactically~*~*~ (water).
   149 | D:1      | Reached XP level 2. HP: 16/16 MP: 3/3
   197 | D:1      | Found a faded altar of an unknown god.
   270 | D:1      | Reached skill level 3 in Ranged Weapons
   507 | D:1      | Reached XP level 3. HP: 21/21 MP: 4/4
  1021 | D:1      | 1021 ||| READING scroll labelled PAAD AQUOPOE.
  1022 | D:1      | 1022 ||| DROPPING scroll of poison.
  1075 | D:2      | 1075 ||| STAIRDANCE
  1146 | D:2      | 1146 ||| STAIRDANCE
  1265 | D:2      | Found Nyppekle's Book Shoppe.
  1314 | D:2      | HP: 5/21 [adder (2)]
  1316 | D:2      | Frozen to death by an endoplasm

Levels and vault maps discovered:
D:1:      grunt_arrival_lava_bath, layout_basic,
          hellmonk_ecumenical_altar_zigzags, serial_bayou_lake_a
D:2:      layout_rooms, serial_shops, shop, shop, minmay_pentomino_z4

Skill      XL: |  1  2 |
---------------+-------+-----
Ranged Weapons | 3 |  3.6
Fighting       | 2 |  2.0
Dodging        | |  1.5
Spellcasting   | |  1.0
Hexes          | |  2.6

Action                     || total
---------------------------++-------
   Fire: Sling             ||   162
    Use: Scroll            ||     1
 Armour: Robe              ||    55
  Dodge: Dodged            ||    94

Table legend:
 A = Non-vault XP
 B = Vault XP
 C = Vault XP percentage of total XP
 D = Non-vault monster count
 E = Vault monster count
 F = Vault count percentage of total count
                 A         B        C        D         E       F
            +---------+---------+-------+---------+---------+-------
      Total |      69 |       2 |   2.8 |      37 |       1 |   2.6
            +---------+---------+-------+---------+---------+-------
        D:1 |      45 |       0 |   0.0 |      27 |       0 |   0.0
        D:2 |      24 |       2 |   7.7 |      10 |       1 |   9.1
            +---------+---------+-------+---------+---------+-------
